 Dungeon Crawl Stone Soup version 0.23.2-1-ga50397a (webtiles) character file.

Game seed: 8697595462325277209

1379 Boartato the Conjurer (level 8, -6/49 HPs)
             Began as a Kobold Conjurer on May 17, 2019.
             Was an Initiate of Ru.
             Mangled by a wight
             ... wielding a +4 great sword
              (16 damage)
             ... on level 5 of the Dungeon on May 18, 2019.
             The game lasted 00:29:24 (7075 turns).

Boartato the Conjurer (Kobold Conjurer)             Turns: 7075, Time: 00:29:24

Health: -6/49      AC:  4    Str:  6    XL:     8   Next: 99%
Magic:  14/24      EV: 17    Int: 18    God:    Ru [......]
Gold:   204        SH:  0    Dex: 15    Spells: 3/17 levels left

rFire    . . .     SeeInvis +   o - +4 flail (drain)
rCold    + . .     Gourm    .   (shield restricted)
rNeg     . . .     Faith    .   a - +2 robe
rPois    .         Spirit   .   (no helmet)
rElec    +         Reflect  .   (no cloak)
rCorr    .         Harm     .   (no gloves)
MR       .....                  (no boots)
Stlth    ++........             (no amulet)
HPRegen  0.16/turn              w - ring "Gibus" {rElec rC+ SInv}
MPRegen  0.19/turn              r - ring of magical power

@: very slightly contaminated, lightly drained
A: small, carnivore
a: Renounce Religion


You were on level 5 of the Dungeon.
You worshipped Ru.
Ru was noncommittal.
You were full.

You visited 2 branches of the dungeon, and saw 7 of its levels.

You collected 204 gold pieces.

Inventory:

Hand Weapons
 o - a +4 flail of draining (weapon)
Armour
 a - a +2 robe (worn)
Jewellery
 f - a +4 ring of strength
 r - a ring of magical power (right hand)
 w - the ring "Gibus" (left hand) {rElec rC+ SInv}
   (You found it on level 4 of the Dungeon)

   [ring of see invisible]

   It protects you from cold.
   It insulates you from electricity.
   It lets you see invisible.
Wands
 g - a wand of flame (20)
Scrolls
 h - 5 scrolls of remove curse
 t - a scroll of enchant armour
 u - a scroll of fog
 v - a scroll of identify
Potions
 b - a potion of haste
 d - a potion of curing
 e - 2 potions of lignification
 i - 2 potions of degeneration
 j - 2 potions of flight
 k - 3 potions of agility
 m - a potion of might
 n - a potion of brilliance {unknown}
 p - a potion of berserk rage {unknown}
 q - 4 potions of resistance
 s - a potion of magic {unknown}
 z - a potion of ambrosia {unknown}
Comestibles
 c - 10 rations


   Skills:
 + Level 5.0(4.6) Fighting
 + Level 4.5(4.1) Dodging
 - Level 2.7(2.3) Stealth
 + Level 5.2(4.7) Spellcasting
 - Level 6.4(6.0) Conjurations
 * Level 4.7(4.2) Hexes


You had 3 spell levels left.
You knew the following spells:

 Your Spells              Type           Power        Failure   Level  Hunger
a - Magic Dart            Conj           ####         1%          1    None
b - Dazzling Spray        Conj/Hex       ###...       4%          3    ###....
c - Searing Ray           Conj           ####..       1%          2    #......
d - Iskenderun's Mystic   Conj           ####....     12%         4    ####...
e - Fulminant Prism       Conj/Hex       ###.......   16%         4    ####...

Your spell library contained the following spells:

 Spells                   Type           Power        Failure   Level  Hunger
 Force Lance              Conj/Tloc      ###.....     36%         4    ####...


Dungeon Overview and Level Annotations

Branches:
Dungeon (6/15)             Temple (1/1) D:5

Altars:
Ashenzari
Cheibriados
Dithmenos
Elyvilon
Fedhas
Gozag
Hepliaklqana
Kikubaaqudgha
Makhleb
Nemelex Xobeh
Okawaru
Qazlal
Ru
Uskayaw
Xom
Yredelemnul
Zin


Innate Abilities, Weirdness & Mutations

You are small and have problems with some larger weapons.
You are carnivorous and can eat meat at any time.


Message History

Your fulminant prism crackles loudly.
You climb upwards.
There is a stone staircase leading down, spattered with blood here.
You feel better. The wight misses you.
Casting: Fulminant Prism (slightly dangerous; 16% risk of failure)
Confirm with . or Enter, or press ? or * to list all spells.
Aiming: Fulminant Prism (slightly dangerous; 16% risk of failure)
Press: ? - help, Dir - move target cursor, f - wight
Aim: a wight, wielding a +4 great sword and wearing a +0 robe You can't place the prism on a creature.
Casting: Fulminant Prism (slightly dangerous; 16% risk of failure)
Confirm with . or Enter, or press ? or * to list all spells.
Aiming: Fulminant Prism (slightly dangerous; 16% risk of failure)
Press: ? - help, Dir - move target cursor, p - wight You conjure a prism of explosive energy!
The wight closely misses you.
Your fulminant prism crackles loudly.
You completely miss the wight.
The wight hits you with a +4 great sword!
You die...

.##.####...#####.........##.....#
....# #...# ##.....##.########
.#### #...# ##.......##.....# ##
#...# ####.#######.###.# # ##.##
#........###.###.# #########.#
#.##.#.......#.... #.........#
#.##...#...#...#.# #....##.#####
#[##..##.8.##..#.# #....##.....#
#@#..##.....##...# ............#
#z#.##..#.#..##.##
............####[.....##.##....#
......)รท........*#...##...##...#
............####.#.8....>....8.#
##...####.### #.#...##...##...#
##...# #.# #.#....##.##....#
#########.### #.#.##..#.#(.##.#
## #.....# #....##.....##..#


You could see a wight and a friendly fulminant prism.

Vanquished Creatures
  An orc warrior (D:5)
  An ice beast (D:5)
  2 centaurs (D:5)
  An ogre (D:4)
  2 scorpions (D:4)
  2 wights (D:5)
  2 howler monkeys
  A bullfrog zombie (D:5)
  A bullfrog skeleton (D:4)
  2 orc priests (D:5)
  2 hounds
  A jelly (D:5)
  An iguana (D:5)
  3 worker ants (D:5)
  7 orc wizards
  2 worker ant zombies (D:5)
  8 adders
  An adder skeleton (D:4)
  A worm (D:4)
  A dart slug (D:1)
  5 leopard geckos
  25 orcs
  4 giant cockroaches
  9 goblins
  5 hobgoblins (D:1)
  6 jackals (D:5)
  2 quokkas (D:2)
  4 bats
  4 frilled lizards
  6 kobolds
  A leopard gecko zombie (D:4)
  A quokka skeleton (D:5)
  7 rats
121 creatures vanquished.

Vanquished Creatures (others)
  11 fulminant prisms
11 creatures vanquished.

Grand Total: 132 creatures vanquished

Notes
Turn   | Place    | Note
-------+----------+-------------------------------------------
     0 | D:1      | Boartato the Kobold Conjurer began the quest for the Orb.
     0 | D:1      | Reached XP level 1. HP: 10/10 MP: 3/3
   547 | D:1      | Reached XP level 2. HP: 15/15 MP: 1/5
  1229 | D:1      | Reached XP level 3. HP: 20/20 MP: 4/6
  1617 | D:2      | Found a hide-covered altar of Uskayaw.
  1617 | D:2      | Noticed a +0 hand axe
  1617 | D:2      | Noticed a +0 hand axe
  1741 | D:2      | Reached skill level 1 in Fighting
  2557 | D:2      | Learned a level 3 spell: Dazzling Spray
  2560 | D:2      | Learned a level 2 spell: Searing Ray
  2602 | D:3      | Reached XP level 4. HP: 25/25 MP: 6/8
  3163 | D:3      | Reached skill level 5 in Conjurations
  3228 | D:3      | Found a shimmering altar of Xom.
  3826 | D:4      | Reached XP level 5. HP: 30/30 MP: 9/9
  3873 | D:4      | Noticed an ogre
  3880 | D:4      | Killed an ogre
  3880 | D:4      | Reached XP level 6. HP: 36/36 MP: 10/11
  3983 | D:4      | Got a glittering platinum ring
  4081 | D:4      | Reached skill level 6 in Conjurations
  4479 | D:4      | Learned a level 4 spell: Iskenderun's Mystic Blast
  4484 | D:4      | Identified the ring "Gibus" {rElec rC+ SInv} (You found it
                  | on level 4 of the Dungeon)
  4490 | D:5      | Entered Level 5 of the Dungeon
  4510 | D:5      | Reached XP level 7. HP: 39/41 MP: 12/12
  4691 | D:5      | Learned a level 4 spell: Fulminant Prism
  4762 | D:5      | Found a staircase to the Ecumenical Temple.
  4779 | D:5      | Reached skill level 1 in Hexes
  4845 | Temple   | Entered the Ecumenical Temple
  4852 | Temple   | Became a worshipper of Ru the Awakened
  5209 | D:5      | Reached XP level 8. HP: 48/48 MP: 14/14
  6526 | D:5      | Reached skill level 5 in Spellcasting
  6912 | D:5      | Reached skill level 5 in Fighting
  7070 | D:6      | HP: 2/49 [wight/+4 great sword (3)]
  7075 | D:5      | Mangled by a wight

Skill      XL: |  1  2  3  4  5  6  7  8 |
---------------+-------------------------+-----
Fighting       | 1 2 3 5 |  5.0
Conjurations   | 5 6 |  6.4
Spellcasting   | 3 4 5 |  5.2
Hexes          | 2 4 |  4.7
Dodging        | 3 4 |  4.5
Stealth        | |  2.7

Action                   |  1- 3 |  4- 6 |  7- 9 || total
-------------------------+-------+-------+-------++-------
Melee: Short sword       |    41 |       |       ||    41
       Flail             |       |     7 |    34 ||    41
 Cast: Magic Dart        |    58 |    53 |    29 ||   140
       Searing Ray       |       |    10 |    19 ||    29
       Dazzling Spray    |       |     1 |       ||     1
       Fulminant Prism   |       |       |    15 ||    15
       Iskenderun's Myst |       |       |     2 ||     2
  Use: Scroll            |     9 |    11 |     4 ||    24
       Potion            |       |       |     2 ||     2
 Stab: Sleeping          |       |     1 |     2 ||     3
  Eat: Chunk             |    13 |     6 |     9 ||    28
Armor: Robe              |     4 |       |    17 ||    21
Dodge: Dodged            |    31 |    19 |    94 ||   144
